 Dungeon Crawl Stone Soup version 0.23.0-3-gf3c87f2 (webtiles) character file.

Game seed: 9830213228105973265

61 0gre the Slasher (level 3, -7/51 HPs)
             Began as a Minotaur Berserker on Feb 19, 2019.
             Was a Follower of Trog.
             Mangled by an orc warrior
             ... wielding a +1 morningstar of protection
              (23 damage)
             ... on level 3 of the Dungeon on Feb 21, 2019.
             The game lasted 00:11:03 (2980 turns).

0gre the Slasher (Minotaur Berserker)               Turns: 2980, Time: 00:11:04

Health: -7/51      AC:  5    Str: 27    XL:     3   Next: 83%
Magic:  2/2        EV: 12    Int:  4    God:    Trog [*.....]
Gold:   179        SH:  0    Dex:  9    Spells: 2/2 levels left

rFire    . . .     SeeInvis .   a - +1 falchion
rCold    . . .     Gourm    .   (no shield)
rNeg     . . .     Faith    .   k - +0 leather armour
rPois    .         Spirit   .   (helmet restricted)
rElec    .         Reflect  .   (no cloak)
rCorr    .         Harm     .   p - +1 pair of gloves
MR       .....                  (no boots)
Stlth    ..........             (no amulet)
HPRegen  0.17/turn              (no ring)
MPRegen  0.08/turn              (no ring)

@: berserking, very quick
A: retaliatory headbutt, horns 2
a: Berserk, Renounce Religion


You were on level 3 of the Dungeon.
You worshipped Trog.
Trog was aware of your devotion.
You were hungry.

You visited 1 branch of the dungeon, and saw 3 of its levels.

You collected 179 gold pieces.

Inventory:

Hand Weapons
 a - a +1 falchion (weapon)
 b - a +0 hunting sling
Missiles
 d - a tomahawk (quivered)
 h - 90 stones
Armour
 k - a +0 leather armour (worn)
 p - a +1 pair of gloves (worn)
Scrolls
 f - 3 scrolls of enchant weapon
 g - a scroll of remove curse
 l - a scroll of immolation
 n - a scroll of magic mapping
 o - a scroll of fear
 q - a scroll of fog {unknown}
 s - 4 scrolls of teleportation
 t - a scroll of enchant armour
Potions
 e - a potion of haste {unknown}
 j - a potion of ambrosia {unknown}
 m - a potion of heal wounds {unknown}
 r - a potion of mutation {unknown}
Comestibles
 c - 8 rations
 i - 2 chunks of flesh


   Skills:
 + Level 4.4 Fighting
 + Level 4.5 Long Blades
 + Level 1.1 Throwing
 + Level 2.6 Armour
 + Level 2.5 Dodging


You had 2 spell levels left.
You didn't know any spells.
Your spell library was empty.

Dungeon Overview and Level Annotations

Branches:
Dungeon (3/15)

Altars:
Xom
The Shining One

Annotations:
D:3 3 runed translucent doors, quoriil's ghost, amateur OpEE


Innate Abilities, Weirdness & Mutations

You reflexively headbutt those who attack you in melee.
You have a pair of horns on your head.


Message History

Found 15 stones.
There is an open door here.
The orc wizard casts a spell at you. The magic dart hits you.
The orc wizard hits you with a +0 dagger.
You barely miss the orc wizard.
You headbutt the orc wizard, but do no damage.
The orc wizard is heavily wounded.
You closely miss the orc warrior. You headbutt the orc warrior.
The orc warrior is lightly wounded.
The orc warrior hits you with a +1 morningstar of protection!
* * * LOW HITPOINT WARNING * * *
You hit the orc warrior but do no damage.
You headbutt the orc warrior, but do no damage.
The orc warrior is lightly wounded.
A red film seems to cover your vision as you go berserk!
You feel yourself moving faster!
You feel mighty!
You are feeling hungry.
The orc warrior hits you with a +1 morningstar of protection!!
You die...

...#.#.#.#......(.........
.....#................#####
#......#.#................#
.#...#.#.#............###.#
.#.###.#.####.........# #.#
.#.# #.#.##.(..o>.....# #.#
.#.# #.#.##.#o..o.....# #.#
.#.# #.#.##.##.#o###### #.#
.#.# #.#...o...#@# #.# .#.#
.# ###.###.# #.# .#.# #.#
#.# #.# #.# #o# #.# #.# #.#
.# #.# #.# .# #.# #.# (.#
#.####### ### #....)...
#########


You could see an orc warrior, an orc priest and an orc wizard.

Vanquished Creatures
  An adder (D:2)
  A dart slug (D:2)
  A leopard gecko (D:2)
  An orc (D:3)
  A giant cockroach (D:1)
  7 hobgoblins
  3 jackals (D:3)
  5 bats
  5 frilled lizards
  8 goblins
  6 kobolds
  6 rats
45 creatures vanquished.

Notes
Turn   | Place    | Note
-------+----------+-------------------------------------------
     0 | D:1      | 0gre the Minotaur Berserker began the quest for the Orb.
     0 | D:1      | Reached XP level 1. HP: 19/19 MP: 0/0
   216 | D:1      | Reached XP level 2. HP: 9/27 MP: 1/1
   219 | D:1      | HP: 1/27 [kobold/+0 short sword (7)]
  1189 | D:2      | Found a glowing golden altar of the Shining One.
  1314 | D:2      | Reached XP level 3. HP: 33/33 MP: 2/2
  1374 | D:2      | Found a shimmering altar of Xom.
  1776 | D:3      | Reached skill level 1 in Throwing
  2724 | D:3      | Found a runed translucent gate.
  2725 | D:3      | Found a runed translucent gate.
  2726 | D:3      | Found a runed translucent gate.
  2777 | D:3      | Upgraded the game from 0.23.0-2-g0fe3ce5 to
                  | 0.23.0-3-gf3c87f2
  2873 | D:3      | Noticed quoriil's ghost (amateur OpEE)
  2964 | D:3      | Noticed an orc warrior
  2980 | D:3      | Mangled by an orc warrior

Skill      XL: |  1  2  3 |
---------------+----------+-----
Long Blades    | 4 |  4.5
Fighting       | 4 |  4.4
Throwing       | 1 |  1.1
Armour         | |  2.6
Dodging        | |  2.5

Action                   || total
-------------------------++-------
Melee: Falchion          ||    65
       Headbutt          ||    15
 Fire: Hunting sling     ||     3
Throw: Tomahawk          ||     8
       Stone             ||     1
Invok: Berserk           ||     1
  Use: Scroll            ||     9
  Eat: Chunk             ||     3
       Ration            ||     1
Armor: Animal skin       ||     4
       Leather armour    ||    11
Dodge: Dodged            ||    50
       Rpst.: Falchion   ||    13
